 Dungeon Crawl Stone Soup version 0.27.1-33-g824d729ab1 (webtiles) character file.

Game seed: 14419546761915633997

43248 Sharkman1231 the Basher (level 13, -14/103 HPs)
             Began as a Demonspawn Delver on Dec 24, 2021.
             Was an Elder of Makhleb.
             Demolished by an orc knight (31 damage)
             ... in a bailey.
             The game lasted 00:16:21 (15142 turns).

Sharkman1231 the Basher (Demonspawn Delver)        Turns: 15142, Time: 00:16:22

Health: -14/103    AC: 14    Str: 12    XL:     13   Next: 89%
Magic:  19/19      EV: 23    Int: 13    God:    Makhleb [****..]
Gold:   597        SH:  0    Dex: 19    Spells: 12/12 levels left

rFire    + . .     SeeInvis .   a - +7 dire flail (freeze)
rCold    . . .     Faith    .   (shield currently unavailable)
rNeg     . . .     Spirit   .   K - +0 acid dragon scales
rPois    .         Reflect  .   F - +0 helmet
rElec    .         Harm     .   q - +1 cloak {rCorr}
rCorr    +         Rampage  .   G - +2 pair of gloves {Stlth+}
Will     .....                  (boots unavailable)
Stlth    ++++......             (no amulet)
HPRegen  0.27/turn              A - +4 ring of evasion
MPRegen  0.16/turn              I - ring of protection from fire

@: no status effects
A: hooves 3, repulsion field 2, ignite blood 1, spiny 2
a: Renounce Religion, Minor Destruction, Lesser Servant of Makhleb, Major
Destruction


You were in a bailey.
You worshipped Makhleb.
Makhleb was greatly pleased with you.
You visited 2 branches of the dungeon, and saw 13 of its levels.
You also visited: Bailey.

You collected 597 gold pieces.

Inventory:

Hand Weapons
 a - a +7 dire flail of freezing (weapon)
 s - a +2 dagger of venom
Missiles
 j - 15 poisoned darts (quivered)
Armour
 q - a +1 cloak of preservation (worn)
 F - a +0 helmet (worn)
 G - a +2 pair of gloves of stealth (worn)
 K - +0 acid dragon scales (worn)
Jewellery
 A - a +4 ring of evasion (left hand)
 I - a ring of protection from fire (right hand)
Wands
 g - a wand of digging (3)
 h - a wand of flame (3)
 H - a wand of paralysis (3)
 J - a wand of iceblast (4)
Scrolls
 c - 2 scrolls of fog
 d - 2 scrolls of magic mapping
 e - 3 scrolls of fear
 l - a scroll of brand weapon {unknown}
 n - a scroll of teleportation
 o - 3 scrolls of amnesia
 r - a scroll of holy word {unknown}
 u - 2 scrolls of immolation {unknown}
 w - a scroll of torment
 x - 2 scrolls of noise {unknown}
 y - 2 scrolls of vulnerability {unknown}
 B - a scroll of enchant armour {unknown}
 E - 2 scrolls of enchant weapon {unknown}
Potions
 b - a potion of ambrosia {unknown}
 f - 8 potions of curing
 k - 3 potions of heal wounds
 m - 2 potions of might {unknown}
 p - 4 potions of flight
 t - a potion of magic
 v - 2 potions of lignification
 z - 2 potions of attraction
 C - 2 potions of haste
 D - 3 potions of mutation {unknown}
 L - 2 potions of cancellation {unknown}
 N - a potion of invisibility {unknown}
Miscellaneous
 i - a phial of floods (inert)


   Skills:
 + Level 9.8 Fighting
 * Level 11.9 Maces & Flails
 * Level 4.9 Throwing
 - Level 7.0 Armour
 - Level 8.0 Dodging
 - Level 4.5 Stealth
 * Level 9.0 Invocations
 - Level 6.0 Evocations


You had 12 spell levels left.
You didn't know any spells.
Your spell library contained the following spells:

 Spells                   Type           Power      Damage    Failure   Level
 Animate Skeleton         Necr           0%         N/A       41%         1
 Pain                     Necr           0%         1d4       41%         1
 Stone Arrow              Conj/Erth      0%         3d7       78%         3
 Vampiric Draining        Necr           0%         2d6       78%         3
 Animate Armour           Summ/Erth      0%         N/A       99%         4
 Summon Forest            Summ/Tloc      0%         N/A       100%        5
 Eringya's Noxious Bog    Tmut/Pois      0%         N/A       100%        6
 Summon Hydra             Summ           0%         N/A       100%        7
 Lehudib's Crystal Spear  Conj/Erth      0%         10d2      100%        8


Dungeon Overview and Level Annotations

Branches:
Dungeon (12/15)            Temple (1/1) D:4            Lair (0/6) D:11
 Bailey (1/1)
    Orc: D:9-12

Altars:
Ashenzari
Cheibriados
Dithmenos
Elyvilon
Fedhas
Gozag
Hepliaklqana
Makhleb
Nemelex Xobeh
Okawaru
Ru
Sif Muna
Trog
Uskayaw
Vehumet
Wu Jian
Xom
Yredelemnul
Zin
The Shining One

Annotations:
D:3 Terence
D:5 exclusion: ogre
D:6 exclusion: two-headed ogre
D:7 1 runed translucent door, demibob's ghost, novice HOGl
D:11 exclusion: boulder beetle


Innate Abilities, Weirdness & Mutations

You have hooves in place of feet.
You are surrounded by a moderate repulsion field. (EV +3)
Your demonic aura sometimes causes spilled blood to erupt in flames.
You are mostly covered in sharp spines.


Message History

There are monsters nearby!
There are monsters nearby!
The orc knight roars a battlecry!
The orc knight goes into a battle-frenzy!
There is a huge open gate here.
There is an open gate here.
There is an open gate here.
The orc knight roars a battlecry!
Things that are here:
a +0 hand axe; an orc skeleton
Things that are here:
a +0 hand axe; an orc skeleton The orc knight shouts!
The orc knight misses you.
There is an open gate here.
The orc knight roars a battlecry!
The orc knight goes into a battle-frenzy!
You hit the orc knight. You freeze the orc knight.
The orc knight is lightly wounded.
The orc knight hits you with a +0 trident!!
The orc knight barely misses you.
You puncture the orc knight! You freeze the orc knight.
Your kick misses the orc knight.
The orc knight is moderately wounded.
The orc knight is engulfed in blazing flames.
The orc knight hits you with a +0 trident!
The orc knight hits you from afar with a +0 glaive!!
You are too injured to fight recklessly!
You are too injured to fight recklessly!
Unknown command.
The orc knight is engulfed in blazing flames.
The orc knight is struck by your spines.
The orc knight hits you but does no damage.
The orc knight is engulfed in blazing flames.
The orc knight hits you from afar with a +0 trident!!
* * * LOW HITPOINT WARNING * * *
There is an open gate, spattered with blood here.
The orc knight is engulfed in blazing flames.
The orc knight hits you from afar with a +0 trident!!
You die...

#..)#
#..)#
###'###
##.).).##
#.......#
#..))...#
#...))).#
#..)))).#
#..@....#
##°))..##
##'o'##
#o..°.#
#....°#
#.....#
#.....#
#.....#
##'''##


You could see 2 orc knights.

Vanquished Creatures
  3 two-headed ogres
  2 orc knights (Bailey)
  A cyclops (D:12)
  Maurice (D:11)
  3 unseen horrors
  2 trolls
  Grinder (D:3)
  11 slime creatures
  2 shadows (D:10)
  9 yaks
  A basilisk (D:11)
  A wyvern (D:9)
  2 steam dragons (D:7)
  7 vampire mosquitoes
  Grum (D:8)
  2 acid dragons
  A water moccasin (D:5)
  A sky beast (D:6)
  10 orc warriors
  A hornet zombie (D:8)
  A black bear (D:11)
  An ogre (D:5)
  4 wolves (D:8)
  3 centaurs
  A kobold brigand (D:9)
  6 bullfrogs
  A gnoll sergeant (D:8)
  A wyvern zombie (D:7)
  3 scorpions
  A water moccasin zombie (D:7)
  A water moccasin skeleton (D:5)
  3 killer bees (D:11)
  19 wights
  3 centaur zombies
  2 hounds
  A jelly (D:7)
  Crazy Yiuf (D:3)
  5 orc priests
  2 bullfrog skeletons
  Jessica (D:3)
  2 iguanas
  9 orc wizards
  A killer bee zombie (D:7)
  A hound zombie (D:5)
  A howler monkey zombie (D:11)
  7 gnolls
  6 adders
  A shadow imp (D:5)
  A white imp (D:7)
  An ufetubus (D:5)
  A worm (D:3)
  3 dart slugs
  62 orcs
  A bat (D:3)
  6 endoplasms
  7 goblins
  7 hobgoblins
  6 jackals
  5 quokkas
  3 ball pythons
  9 kobolds
  5 rats
267 creatures vanquished.

Vanquished Creatures (others)
  17 fungi (D:11)
  37 plants
  6 toadstools (D:6)
60 creatures vanquished.

Grand Total: 327 creatures vanquished

Notes
Turn   | Place    | Note
-------+----------+-------------------------------------------
     0 | D:5      | Sharkman1231 the Demonspawn Delver began the quest for the
                  | Orb.
     0 | D:5      | Reached XP level 1. HP: 18/18 MP: 1/1
    27 | D:5      | Noticed a wight
    89 | D:5      | Reached skill level 2 in Maces & Flails
    89 | D:5      | Gained mutation: You are surrounded by a mild repulsion
                  | field. (EV +2) [demonic ancestry]
    89 | D:5      | Reached XP level 2. HP: 19/24 MP: 2/2
   109 | D:5      | Noticed an ogre
   712 | D:3      | Reached XP level 3. HP: 29/29 MP: 3/3
   720 | D:3      | Reached skill level 1 in Evocations
  1075 | D:2      | Noticed an ogre
  1124 | D:3      | Noticed Grinder
  1528 | D:3      | Found a runed translucent door.
  1529 | D:3      | Noticed Crazy Yiuf
  1629 | D:3      | Noticed Jessica
  1649 | D:3      | Killed Jessica
  1650 | D:3      | Reached XP level 4. HP: 24/35 MP: 4/4
  1768 | D:3      | Reached skill level 3 in Maces & Flails
  1837 | D:3      | Noticed Terence
  2108 | D:3      | Gained mutation: You have large cloven feet. [demonic
                  | ancestry]
  2108 | D:3      | Reached XP level 5. HP: 42/42 MP: 5/5
  2869 | D:2      | Found a broken altar of Ashenzari.
  3326 | D:1      | Found a faded altar of an unknown god.
  4244 | D:3      | Killed Crazy Yiuf
  4943 | D:3      | Killed Grinder
  4944 | D:3      | Reached skill level 4 in Maces & Flails
  4944 | D:3      | Gained mutation: Your demonic aura sometimes causes spilled
                  | blood to erupt in flames. [demonic ancestry]
  4944 | D:3      | Reached XP level 6. HP: 49/49 MP: 6/6
  5273 | D:4      | Found a staircase to the Ecumenical Temple.
  5334 | D:4      | Found a shadowy altar of Dithmenos.
  5386 | D:4      | Found a shimmering blue altar of Sif Muna.
  5531 | D:5      | Gained mutation: You have hoof-like feet. [demonic
                  | ancestry]
  5531 | D:5      | Reached XP level 7. HP: 38/55 MP: 7/7
  6077 | D:5      | Reached skill level 5 in Maces & Flails
  6808 | D:4      | Found a broken altar of Ashenzari.
  6838 | Temple   | Entered the Ecumenical Temple
  6883 | Temple   | Became a worshipper of Makhleb the Destroyer
  6921 | D:5      | Reached skill level 5 in Fighting
  6942 | D:5      | Found a large runed translucent door.
  6943 | D:5      | Found a large runed translucent door.
  7198 | D:5      | Found a sacrificial altar of Ru.
  7205 | D:5      | Reached XP level 8. HP: 62/62 MP: 8/8
  7211 | D:5      | Found an opulent altar of Gozag.
  7969 | D:6      | Reached skill level 6 in Maces & Flails
  8099 | D:6      | Noticed a two-headed ogre
  8516 | D:7      | Reached skill level 5 in Evocations
  8525 | D:7      | Reached skill level 7 in Maces & Flails
  8605 | D:7      | Reached skill level 5 in Dodging
  8605 | D:7      | Gained mutation: You are partially covered in sharp spines.
                  | [demonic ancestry]
  8605 | D:7      | Reached XP level 9. HP: 65/69 MP: 9/9
  8645 | D:7      | Found a shimmering altar of Xom.
  8714 | D:7      | Reached * piety under Makhleb
  9004 | D:7      | Found a runed translucent door.
  9006 | D:7      | Noticed demibob's ghost (novice HOGl)
  9486 | D:8      | Noticed Grum
  9512 | D:8      | Killed Grum
  9815 | D:8      | Reached skill level 8 in Maces & Flails
  9871 | D:8      | Found a basalt altar of Yredelemnul.
 10403 | D:8      | Found a basalt altar of Yredelemnul.
 11011 | D:9      | Found a hide-covered altar of Uskayaw.
 11012 | D:9      | Noticed a +0 dagger
 11013 | D:9      | Noticed a +0 short sword
 11013 | D:9      | Noticed a +0 short sword
 11013 | D:9      | Noticed a +0 spear
 11015 | D:9      | Noticed a +0 falchion
 11015 | D:9      | Noticed a +0 dagger
 11016 | D:9      | Noticed a +0 falchion
 11016 | D:9      | Noticed a +0 spear
 11382 | D:9      | Gained mutation: You have hooves in place of feet. [demonic
                  | ancestry]
 11382 | D:9      | Reached XP level 10. HP: 79/79 MP: 10/10
 11398 | D:9      | Reached ** piety under Makhleb
 11399 | D:9      | Reached skill level 9 in Maces & Flails
 11432 | D:9      | Noticed a two-headed ogre
 11885 | D:9      | Identified the +1 dagger of the Gloaming {freeze, rF- rC+
                  | rCorr}
 12102 | D:9      | Killed a two-headed ogre
 12560 | D:10     | Entered Level 10 of the Dungeon
 12709 | D:10     | Reached skill level 10 in Maces & Flails
 13491 | D:11     | Noticed a two-headed ogre
 13501 | D:11     | Killed a two-headed ogre
 13502 | D:11     | Reached skill level 1 in Invocations
 13502 | D:11     | Gained mutation: You are mostly covered in sharp spines.
                  | [demonic ancestry]
 13502 | D:11     | Reached XP level 11. HP: 87/87 MP: 10/12
 13551 | D:11     | Noticed Maurice
 13575 | D:11     | Killed Maurice
 13867 | D:11     | Noticed a two-headed ogre
 13875 | D:11     | Killed a two-headed ogre
 13884 | D:11     | Reached *** piety under Makhleb
 13970 | D:11     | Reached skill level 5 in Invocations
 13975 | D:11     | Reached skill level 11 in Maces & Flails
 13983 | D:11     | Noticed a boulder beetle
 14037 | D:11     | Found a staircase to the Lair.
 14443 | D:12     | Reached skill level 1 in Throwing
 14565 | D:12     | Found a flagged portal.
 14582 | Bailey   | Entered a bailey
 14756 | Bailey   | Reached **** piety under Makhleb
 14806 | Bailey   | Reached XP level 12. HP: 97/97 MP: 16/18
 14807 | Bailey   | Gained mutation: You are surrounded by a moderate repulsion
                  | field. (EV +3) [demonic ancestry]
 14807 | Bailey   | Reached XP level 13. HP: 102/102 MP: 16/19
 15142 | Bailey   | Demolished by an orc knight

Illustrated notes

Levels and vault maps discovered:
D:1:      lemuel_arrival_lava_pool, layout_loops_corners,
          dreamdust_ecumenical_altar_hidden_monk_grotto
D:2:      layout_loops_ring, basic_altar, chequers_serial_rivers_micro_c
D:3:      layout_loops_ring, moated_statue, minmay_tree_intersection,
          serial_bayou_pond_c, chequers_jeans, uniq_jessica,
          uniq_crazy_yiuf_cottage, uniq_terence, uniq_grinder
D:4:      layout_cave_pools, nicolae_overflow_hidden_temple,
          minmay_temple_entry_from_below_a, minmay_misc_feat_more_columns
D:5:      layout_basic, jmf_multi_god_temple2
D:6:      cheibrodos_fertilizer, layout_loops_corners,
          mainiacjoe_overflow_surrounded_room, zin_statuary,
          kennysheep_vampire_church, corexii_hall_statues_deadend, minivault_1
D:7:      layout_loops_ring, mainiacjoe_overflow_chevrons,
          ebering_ghost_reflecting_pool
D:8:      layout_loops_cross, kennysheep_ying_yang, uniq_grum
D:9:      layout_stronghold, nicolae_uskayaw_en_pointe
D:10:     layout_rooms
D:11:     layout_loops_ring, grunt_lair_entry_orc_guard_hut, chequers_garden,
          uniq_maurice
D:12:     layout_basic, orc_0_dummy, enter_bailey_7, grunt_decor_mini_mirrors,
          wad_floor_pattern_untrapped, minmay_increasing_density
Temple:   compressed_dpeg_circular_temple
Bailey:   bailey_polearm_5, bailey

Skill      XL: |  1  2  3  4  5  6  7  8  9 10 11 12 13 |
---------------+----------------------------------------+-----
Maces & Flails | 2 3 4 5 7 8 10 11 | 11.9
Dodging        | 2 3 4 5 6 7 8 |  8.0
Evocations     | 1 2 3 5 6 |  6.0
Fighting       | 4 5 6 7 8 9 |  9.8
Invocations    | 1 8 9 |  9.0
Throwing       | 4 |  4.9
Armour         | 7 |  7.0
Stealth        | |  4.5

Action                   |  1- 3 |  4- 6 |  7- 9 | 10-12 | 13-15 || total
-------------------------+-------+-------+-------+-------+-------++-------
Melee: Flail             |    60 |   122 |     2 |       |       ||   184
       Kick              |       |    18 |    57 |    77 |    11 ||   163
       Unarmed           |       |    10 |     5 |       |       ||    15
       Dire flail        |       |       |   224 |   230 |    22 ||   476
Evoke: Wand              |       |       |       |     4 |     4 ||     8
       Phial of floods   |       |       |       |     1 |     1 ||     2
  Use: Scroll            |     2 |     4 |     5 |     2 |       ||    13
       Potion            |     1 |     2 |     1 |     2 |       ||     6
 Stab: Sleeping          |     1 |    16 |     8 |     3 |       ||    28
       Paralysed         |       |       |       |     3 |     4 ||     7
Armor: Leather armour    |     7 |    31 |    38 |    17 |       ||    93
       Skin              |       |     2 |     3 |       |       ||     5
       Acid dragon scale |       |       |       |    46 |     7 ||    53
Dodge: Dodged            |    33 |    64 |   176 |   247 |    32 ||   552
